 Dungeon Crawl Stone Soup version 0.31-a0-1-g4198be8af4 (webtiles) character file.

Game seed: 4460036101650111743

1444 bmack86 the Chopper (level 8, -23/70 HPs)
             Began as a Minotaur Fighter on May 2, 2023.
             Was a Believer of Okawaru.
             Killed from afar by a wretched star (27 damage)
             ... with a lance of force
             ... on level 2 of the Abyss.
             The game lasted 00:11:43 (4211 turns).

bmack86 the Chopper (Minotaur Fighter)              Turns: 4211, Time: 00:11:44

Health: -23/70     AC: 13    Str: 23    XL:     8   Next: 46%
Magic:  9/9        EV:  6    Int:  5    God:    Okawaru [**....]
Gold:   322        SH:  5    Dex: 10    Spells: 7/7 levels left

rFire   . . .        a - +1 war axe
rCold   . . .        c - +0 buckler
rNeg    . . .        r - +0 plate armour
rPois   .            (helmet restricted)
rElec   .            (no cloak)
rCorr   .            p - +0 pair of gloves
SInv    .            (no boots)
Will    .....        (no amulet) Stlth
                     d - ring of flight
HPRegen 0.31/turn    (no ring)
MPRegen 0.11/turn

%: no passive effects
@: flying, studying Short Blades
A: horns 2, retaliatory headbutt
a: Renounce Religion, Heroism


You were on level 2 of the Abyss.
You worshipped Okawaru.
Okawaru was pleased with you.
You visited 2 branches of the dungeon, and saw 7 of its levels.
You visited the Abyss 1 time.

You collected 322 gold pieces.

Inventory:

Hand Weapons
 a - a +1 war axe (weapon)
Missiles
 e - 4 boomerangs (quivered)
 m - 11 poisoned darts
Armour
 b - a +0 scale mail
 c - a +0 buckler (worn)
 p - a +0 pair of gloves (worn)
 r - a +0 plate armour (worn)
Jewellery
 d - a ring of flight (left hand)
 g - a ring of protection from fire
 i - a ring of fire
 j - a ring of fire
 q - a ring of positive energy
Scrolls
 n - a scroll of teleportation
Potions
 f - 2 potions of lignification
 k - 3 potions of invisibility
 l - 2 potions of attraction
 o - a potion of degeneration {unknown}
 s - 4 potions of curing
 t - a potion of might
 u - a potion of flight {unknown}
 v - a potion of haste {unknown}


   Skills:
 + Level 6.0 Fighting
 * Level 7.3 Axes
 + Level 3.7 Throwing
 + Level 6.0 Armour
 + Level 6.1 Shields
 + Level 2.8 Invocations


You had 7 spell levels left.
You didn't know any spells.
Your spell library contained the following spells:

 Spells                   Type           Power      Damage    Failure   Level
 Slow                     Hex            0%         N/A       100%        1
 Sting                    Tmut/Pois      0%         1d3       100%        1
 Poisonous Vapours        Pois/Air       0%         N/A       100%        2
 Confusing Touch          Hex            0%         N/A       100%        3
 Gell's Gravitas          Tloc           0%         N/A       100%        3
 Teleport Other           Tloc           0%         N/A       100%        3
 Vampiric Draining        Necr           0%         2d6       100%        3
 Olgreb's Toxic Radiance  Pois           0%         N/A       100%        4
 Dispersal                Tloc           0%         N/A       100%        6


Dungeon Overview and Level Annotations

Branches:
Dungeon (6/15)             Temple (1/1) D:4

Altars:
Ashenzari
Cheibriados
Gozag
Hepliaklqana
Kikubaaqudgha
Nemelex Xobeh
Okawaru
Qazlal
Ru
Sif Muna
Uskayaw
Wu Jian
Xom
Zin

Shops:
D:4 *   D:5 !

Annotations:
D:6 2 transporters


Innate Abilities, Weirdness & Mutations

You have a pair of horns on your head.
You reflexively headbutt those who attack you in melee.


Message History

Okawaru accepts your kill.
You closely miss the kobold brigand.
The kobold brigand hits you but does no damage.
You slash the kobold!
You kill the kobold!
Okawaru accepts your kill.
You closely miss the kobold brigand.
The kobold brigand hits you but does no damage.
You hit the kobold.
You kill the kobold!
You closely miss the kobold brigand.
The kobold brigand hits you but does no damage.
You hit the kobold.
The kobold is severely wounded.
You miss the kobold brigand.
The kobold hits you with a +1 whip of distortion.
You are cast into the Abyss!
This branch contains the abyssal rune of Zot.
Found a gateway leading deeper into the Abyss.
There is a gateway leading deeper into the Abyss here.
You plunge deeper into the Abyss.
There is an open door here.
You start resting.
A wretched star assembles itself!
The wretched star glows turbulently.
The lance of force misses you.
The wretched star glows turbulently.
The lance of force hits you!!
You are knocked back by the lance of force.
You closely miss the wretched star.
The wretched star glows turbulently.
The lance of force hits you!
* * * LOW HITPOINT WARNING * * *
You are knocked back by the lance of force.
You slam into the rock wall!
* * * LOW HITPOINT WARNING * * *
You hit the wretched star but do no damage.
The wretched star glows turbulently.
The lance of force hits you!!
You die...

##.....#.#.#...
#.#... ......#.
#...... .........
####....##.....#.
#...................
#.#.................
....#....#...#.#...
.###...#*.#.#....
..##....@......... #
#.#####.#.#... #.
#..# .. .# .## #. ##


You could see a wretched star.

Vanquished Creatures
  An unseen horror (D:6)
  A water moccasin (D:5)
  An ogre (D:5)
  4 phantoms
  Blork the orc (D:5)
  3 scorpions
  A jelly (D:4)
  An orc priest (D:4)
  A sleepcap (D:5)
  3 hounds (D:5)
  3 iguanas (D:6)
  2 orc wizards (D:5)
  6 adders
  A white imp (D:5)
  An ufetubus (D:5)
  A worm (D:3)
  A dart slug (D:5)
  5 orcs
  8 endoplasms
  5 giant cockroaches
  5 goblins
  5 hobgoblins
  7 jackals
  2 quokkas (D:1)
  5 ball pythons
  3 bats (D:1)
  A frilled lizard (D:2)
  12 kobolds
  2 rats
92 creatures vanquished.

Vanquished Creatures (others)
  2 orc wizards (D:3)
  5 fungi (D:3)
  2 plants (D:3)
9 creatures vanquished.

Grand Total: 101 creatures vanquished

Notes
Turn   | Place    | Note
-------+----------+-------------------------------------------
     0 | D:1      | bmack86 the Minotaur Fighter began the quest for the Orb.
     0 | D:1      | Reached XP level 1. HP: 19/19 MP: 0/0
   113 | D:1      | Reached XP level 2. HP: 27/27 MP: 1/1
   264 | D:1      | Reached skill level 3 in Axes
   727 | D:2      | Reached XP level 3. HP: 33/33 MP: 2/2
   896 | D:2      | Found a hide-covered altar of Uskayaw.
  1074 | D:3      | Found a faded altar of an unknown god.
  1088 | D:3      | Reached skill level 1 in Throwing
  1273 | D:3      | Found a hazy altar of Hepliaklqana.
  1490 | D:3      | Found an ornate altar of the Wu Jian Council.
  1500 | D:3      | Found a shimmering blue altar of Sif Muna.
  1748 | D:4      | Noticed a phantom
  1760 | D:4      | Killed a phantom
  1761 | D:4      | Reached skill level 4 in Axes
  1761 | D:4      | Reached XP level 4. HP: 25/40 MP: 3/3
  1914 | D:4      | Noticed a scorpion
  1918 | D:4      | Reached XP level 5. HP: 46/46 MP: 4/4
  1922 | D:4      | Found Jihe Eno's Overcharged Wands.
  2027 | D:4      | Found a snail-covered altar of Cheibriados.
  2130 | D:4      | Reached XP level 6. HP: 32/53 MP: 5/5
  2159 | D:4      | Reached skill level 5 in Axes
  2556 | D:4      | Found a staircase to the Ecumenical Temple.
  2569 | Temple   | Entered the Ecumenical Temple
  2711 | Temple   | Became a worshipper of Warmaster Okawaru
  2845 | D:5      | Entered Level 5 of the Dungeon
  2849 | D:5      | Reached skill level 5 in Shields
  2955 | D:5      | Noticed a water moccasin
  2960 | D:5      | Killed a water moccasin
  2961 | D:5      | Reached skill level 5 in Fighting
  2961 | D:5      | Reached skill level 5 in Armour
  2961 | D:5      | Reached skill level 1 in Invocations
  2961 | D:5      | Reached XP level 7. HP: 49/61 MP: 6/6
  3060 | D:5      | Identified the +4 short sword of the Seven Tusks {heavy,
                  | SInv}
  3157 | D:5      | Reached * piety under Okawaru
  3158 | D:5      | Reached skill level 6 in Axes
  3222 | D:5      | Found Rurphumua's Distillery.
  3284 | D:5      | Found a sparkling altar of Nemelex Xobeh.
  3367 | D:5      | Noticed Blork the orc
  3375 | D:5      | Killed Blork the orc
  3626 | D:6      | Identified the +0 long sword "Faree" {holy, rElec rC+ rN+}
  3647 | D:6      | Found a transporter.
  3654 | D:6      | Noticed a kobold demonologist
  3662 | D:6      | Found a transporter.
  3670 | D:6      | Reached XP level 8. HP: 62/69 MP: 8/8
  3826 | D:6      | HP: 2/70 [phantom (6)]
  3844 | D:6      | HP: 2/70 [something (4)]
  3853 | D:6      | Killed an unseen horror
  3853 | D:6      | Reached ** piety under Okawaru
  3854 | D:6      | Reached skill level 7 in Axes
  4132 | Abyss:1  | Cast into level 1 of the Abyss (kobold)
  4201 | Abyss:2  | Noticed a wretched star
  4210 | Abyss:2  | HP: 3/70 [rock wall collision (13)]
  4211 | Abyss:2  | Killed from afar by a wretched star

Illustrated notes

Levels and vault maps discovered:
D:1:      reono_arrival_forest_river, layout_loops_ring
D:2:      layout_basic, basic_altar
D:3:      layout_loops_cross, pdpol_wu_jian_five_deadly_venoms, led_sif_book,
          nicolae_overflow_crystal_walls,
          shapermc_ecumenical_altar_mp_urbaneastern
D:4:      layout_loops_ring, cheibriados_altar_1, minmay_temple_entry_fiery,
          nicolae_shop_overcharged_wands
D:5:      layout_basic, mainiacjoe_overflow_alcove_1, serial_shops, shop,
          uniq_blork_the_orc
D:6:      gammafunk_wand_slinger, layout_gridville,
          mainiacjoe_overflow_alcove_2, minmay_misc_feat_rows,
          minmay_manual_monstrance
Temple:   grunt_temple_mini_profane
Abyss:2:  base: D:6, hangedman_cross_veins, minivault_24

Skill      XL: |  1  2  3  4  5  6  7  8 |
---------------+-------------------------+-----
Axes           | 3 4 5 6 7 |  7.3
Shields        | 4 5 6 |  6.1
Throwing       | 1 2 3 |  3.7
Fighting       | 4 5 6 |  6.0
Armour         | 4 5 6 |  6.0
Invocations    | 1 2 |  2.8

Action                     |  1- 3 |  4- 6 |  7- 9 || total
---------------------------+-------+-------+-------++-------
  Melee: War axe           |    80 |    71 |   101 ||   252
         Headbutt          |    15 |    14 |    15 ||    44
  Throw: Boomerang         |     8 |     5 |       ||    13
    Use: Scroll            |     9 |       |     3 ||    12
         Potion            |       |     1 |     2 ||     3
 Armour: Scale mail        |    18 |       |       ||    18
         Plate armour      |    22 |    40 |   108 ||   170
  Dodge: Dodged            |    36 |    24 |    28 ||    88
  Block: Buckler           |    18 |    12 |    27 ||    57

Table legend: (Time is in decaauts)
 A = Elapsed time spent in this place.
 B = Non-inter-level travel time spent in this place.
 C = Inter-level travel time spent in this place.
 D = Time resting spent in this place.
 E = Time spent auto-exploring this place.
 F = Levels seen in this place.
 G = Mean time per level.
                   A        B        C        D        E       F      G
               +--------+--------+--------+--------+--------+-----+--------+
         Total |   4300 |   4155 |    145 |    262 |   2645 |   9 |  477.8 |
       Dungeon |   4041 |   3915 |    126 |    203 |   2582 |   6 |  673.5 |
        Temple |    179 |    160 |     19 |      0 |     63 |   1 |  179.0 |
         Abyss |     78 |     78 |      0 |     59 |      0 |   2 |   39.0 |
               +--------+--------+--------+--------+--------+-----+--------+

Top non-repeatable levels by time:
     D:4: 950 daAuts
     D:5: 765 daAuts
     D:3: 736 daAuts
     D:1: 636 daAuts
     D:6: 550 daAuts
     D:2: 401 daAuts
  Temple: 179 daAuts
 Abyss:2: 74 daAuts
 Abyss:1: 4 daAuts
